 Dungeon Crawl Stone Soup version 0.18-a0-844-g9229740 (webtiles) character file.

28 Raultor the Cudgeler (level 3, 28/28 HPs)
             Began as a Demonspawn Gladiator on Dec 19, 2015.
             Quit the game on level 1 of the Dungeon.
             The game lasted 00:01:48 (1046 turns).

Raultor the Cudgeler (Demonspawn Gladiator)         Turns: 1046, Time: 00:01:48

Health: 28/28      AC:  5    Str: 16    XL:     3   Next: 0%
Magic:  3/3        EV: 11    Int:  9    God:
Gold:   36         SH:  0    Dex: 13    Spells: 0 memorised, 2 levels left

rFire  . . .     SeeInvis .     a - +0 flail
rCold  . . .     Gourm    .     i - +0 ring mail
rNeg   . . .     Faith    .     (no shield)
rPois  .         Spirit   .     (helmet restricted)
rElec  .         Dismiss  .     (no cloak)
rCorr  .         Reflect  .     (no gloves)
SustAt .         Harm     .     (no boots)
MR     .....                    (no amulet)
Stlth  ++........               (no ring)
                                (no ring)

@: not resistant to hostile enchantments, unstealthy
A: antennae 1, nightstalker 1
a: no special abilities


You were on level 1 of the Dungeon.
You were not hungry.

You visited 1 branch of the dungeon, and saw 1 of its levels.

You collected 36 gold pieces.

Inventory:

Hand Weapons
 a - a +0 flail (weapon)
Missiles
 d - 3 throwing nets {=f, !d}
Armour
 b - a +0 leather armour
 c - a +0 helmet
 i - a +0 ring mail (worn)
   (You found it on level 1 of the Dungeon)
Scrolls
 e - 3 scrolls of identify {unknown}
 g - a scroll of amnesia {unknown}
 j - a scroll of fear {unknown}
Potions
 h - 2 potions of might {unknown}
Comestibles
 f - 2 bread rations {@e1}


   Skills:
 + Level 2.4 Fighting
 * Level 3.2 Maces & Flails
 - Level 1.7 Throwing
 + Level 0.5 Armour
 + Level 2.8 Dodging


You had 2 spell levels left.
You didn't know any spells.

Dungeon Overview and Level Annotations

Branches:
Dungeon (1/15)

Altars:


Innate Abilities, Weirdness & Mutations

You have a pair of small antennae on your head.
You are slightly more attuned to the shadows.


Message History

The jackal bites you but does no damage.
You take 2 damage, and have 18/23 hp.
You closely miss the jackal.
The jackal bites you but does no damage.
The jackal bites you. The jackal barely misses you.
The jackal bites you but does no damage.
The jackal barely misses you.
You take 1 damage, and have 17/23 hp.
You closely miss the jackal. The jackal bites you.
The jackal bites you but does no damage.
The jackal completely misses you. The jackal barely misses you.
The jackal bites you but does no damage.
The jackal bites you.
You take 2 damage, and have 15/23 hp.
The jackal barely misses you. The jackal closely misses you.
You see here a stone.
The jackal closely misses you.
You closely miss the jackal. The jackal closely misses you.
The jackal misses you.
You hit the jackal. The jackal misses you. The jackal closely misses you.
You barely miss the jackal. The jackal bites you.
The jackal bites you but does no damage.
You take 3 damage, and have 13/23 hp.
You thump the jackal!
You kill the jackal!
The jackal bites you but does no damage.
You barely miss the jackal. The jackal barely misses you.
The jackal closely misses you.
You closely miss the jackal. The jackal misses you.
The jackal bites you but does no damage.
You closely miss the jackal. The jackal closely misses you.
You barely miss the jackal.
The jackal bites you but does no damage.
The jackal closely misses you.
You miss the jackal. The jackal barely misses you. The jackal misses you.
Your ring mail prevents you from hitting the jackal.
The jackal bites you but does no damage.
The jackal bites you.
You take 1 damage, and have 12/23 hp.
You barely miss the jackal.
The jackal bites you but does no damage.
The jackal completely misses you.
You hit the jackal. The jackal bites you.
You take 1 damage, and have 12/23 hp.
You closely miss the jackal.
The jackal bites you but does no damage. x2
You barely miss the jackal.
The jackal bites you but does no damage.
The jackal closely misses you.
You hit the jackal.
You kill the jackal!
The jackal bites you but does no damage.
You hit the jackal. The jackal barely misses you.
The jackal closely misses you.
You closely miss the jackal.
The jackal bites you but does no damage.
The jackal closely misses you.
You closely miss the jackal. The jackal closely misses you.
The jackal bites you but does no damage.
You closely miss the jackal.
The jackal bites you but does no damage.
You closely miss the jackal. The jackal closely misses you.
The jackal bites you but does no damage.
Your ring mail prevents you from hitting the jackal.
The jackal bites you but does no damage. x2
You sock the jackal!
You kill the jackal!
Things that are here:
a jackal corpse x3
You butcher the jackal corpse.
k - 2 chunks of flesh {@w0}
Things that are here:
a jackal corpse x2
You start resting.
Health restored: 23 You see here a stone.
Things that are here:
a whip; a stone; a kobold corpse
There is an open door here.
There is an open door here.
You now have 26 gold pieces (gained 14).
You now have 36 gold pieces (gained 10).
All of the chunks of flesh in your inventory have rotted away.
Things that are here:
a whip; a stone; a kobold skeleton
There is an open door here.
There is an open door here.
Found a stone staircase leading down.
There is a stone staircase leading down here.
e - 3 scrolls labeled LALEGG TARUD (gained 1)
A goblin comes into view.
The goblin barely misses you.
You sock the goblin!
You kill the goblin!
You have reached level 3!
Your experience leads to an increase in your attributes!
Increase (S)trength, (I)ntelligence, or (D)exterity?
You feel stronger.
Your demonic ancestry asserts itself...
You slip into the darkness of the dungeon.
Health restored: 28; MP restored: 3

### .. .#
##########.#
#..........##.#..
#.#######@.......
## #.# ##†##....
.# ##.########.#
.. .#
#.........#.. .#
#..######.#### .#
#..# .# #..####
.# #.....#


There were no monsters in sight!

Vanquished Creatures
  A gnoll (D:1)
  2 hobgoblins (D:1)
  6 jackals (D:1)
  3 kobolds (D:1)
  A giant newt (D:1)
  2 goblins (D:1)
  A rat (D:1)
16 creatures vanquished.

Notes
Turn   | Place    | Note
--------------------------------------------------------------
     0 | D:1      | Raultor the Demonspawn Gladiator began the quest for the Orb.
     0 | D:1      | Reached XP level 1. HP: 16/16 MP: 1/1
   230 | D:1      | Gained mutation: You have a pair of small antennae on your head. [demonic ancestry]
   230 | D:1      | Reached XP level 2. HP: 19/22 MP: 2/2
   231 | D:1      | Reached skill level 3 in Maces & Flails
   262 | D:1      | HP: 5/22 [gnoll/flail (6)]
  1045 | D:1      | Gained mutation: You are slightly more attuned to the shadows. [demonic ancestry]
  1045 | D:1      | Reached XP level 3. HP: 28/28 MP: 3/3
  1046 | D:1      | Quit the game

Vault maps used:
D:1:      minmay_arrival_hallway

Action                   || total
-------------------------++-------
Melee: Flail             ||    62
 Stab: Sleeping          ||     1

Vault maps used:
D:1:      minmay_arrival_hallway

Table legend:
 A = Turns spent in this place as a percentage of turns spent in the entire game.
 B = Non-inter-level travel turns spent in this place as a percentage of non-inter-level travel turns spent in the entire game.
 C = Inter-level travel turns spent in this place as a percentage of turns spent in this place.
 D = Turns resting spent in this place as a percentage of non-inter-level travel turns spent in this place.
 E = Turns spent auto-exploring this place as a percentage of non-inter-level travel turns spent in this place.
 F = Non-inter-level travel turns spent in this place divided by the number of levels of this place that you've seen.
                   A       B       C       D       E      F
               +-------+-------+-------+-------+-------+----------------------
         Total | 100.0 | 100.0 |   0.0 |   2.8 |  11.9 | 143.0
       Dungeon | 100.0 | 100.0 |   0.0 |   2.8 |  11.9 | 143.0
               +-------+-------+-------+-------+-------+----------------------

Table legend:
 A = Kills in this place as a percentage of kills in entire the game.
 B = Kills by you in this place as a percentage of kills by you in the entire game.
 C = Kills by friends in this place as a percentage of kills by friends in the entire game.
 D = Other kills in this place as a percentage of other kills in the entire game.
 E = Experience gained in this place as a percentage of experience gained in the entire game.
 F = Experience gained in this place divided by the number of levels of this place that you have seen.
                   A       B       C       D       E      F
               +-------+-------+-------+-------+-------+----------------------
         Total | 100.0 | 100.0 |  -nan |  -nan | 100.0 |  41.0
       Dungeon | 100.0 | 100.0 |  -nan |  -nan | 100.0 |  41.0
               +-------+-------+-------+-------+-------+----------------------
